 Dungeon Sprint DCSS version 0.30-a0-721-ga6a225cb13 (webtiles) character file.

Game seed: 14347250977591691803

30 theswoord the Twirler (level 3, -14/45 HPs)
             Began as a Demonspawn Gladiator on Jan 27, 2023.
             Killed by divine providence
             ... invoked by an orc priest
              (15 damage)
             ... in the Dungeon (Sprint IX: "|||||||||||||||||||||||||||||").
             The game lasted 00:00:21 (27 turns).

theswoord the Twirler (Demonspawn Gladiator)          Turns: 27, Time: 00:00:21

Health: -14/45     AC:  4    Str: 14    XL:     3   Next: 5%
Magic:  3/3        EV: 12    Int:  9    God:
Gold:   0          SH:  0    Dex: 16    Spells: 2/2 levels left

rFire   . . .      SeeInvis .    a - +0 quarterstaff
rCold   . . .      Faith    .    (shield currently unavailable)
rNeg    . . .      Spirit   .    b - +0 leather armour
rPois   .          Reflect  .    c - +0 helmet
rElec   .          Harm     .    (no cloak)
rCorr   .          Rampage  .    (no gloves)
Will    .....      NoTele   +    (no boots) Stlth
                                 (no amulet)
HPRegen 0.27/turn                (no ring)
MPRegen 0.08/turn                (no ring)

@: berserking (expiring), very quick
A: foul stench 1, sturdy frame 1
a: no special abilities


You were in the Dungeon.
You visited 1 branch

Inventory:

Hand Weapons
 a - a +0 quarterstaff (weapon)
Missiles
 d - 3 throwing nets (quivered)
 e - a javelin
Armour
 b - a +0 leather armour (worn)
 c - a +0 helmet (worn)
Scrolls
 k - a scroll of blinking
Potions
 f - a potion of curing
 g - a potion of heal wounds
 h - a potion of haste
 i - 2 potions of magic


   Skills:
 + Level 4.0 Fighting
 * Level 5.3 Staves
 - Level 1.7 Throwing
 - Level 2.6 Dodging


You had 2 spell levels left.
You didn't know any spells.
Your spell library was empty.

Dungeon Overview and Level Annotations

Branches:
Dungeon (1/1)

Altars:


Innate Abilities, Weirdness & Mutations

You may rarely emit foul miasma when damaged in melee.
Your movements are slightly less encumbered by armour. (ER -2)


Message History

You kill the ball python!
No target in view!
No target in view!
Items here: ))) †††.
You open the door.
A phantom, a jackal, an orc priest and 2 iguanas come into view.
The iguana hisses angrily.
The orc priest shouts!
The iguana hisses angrily.
The jackal barks!
There are monsters nearby!
There are monsters nearby!
There are monsters nearby!
A red film seems to cover your vision as you go berserk!
You feel yourself moving faster!
You feel mighty! The iguana bites you!
You hit the iguana. You closely miss the iguana. The iguana barely misses you.
You closely miss the iguana.
The iguana bites you but does no damage.
You hit the iguana. The iguana bites you!
* * * LOW HITPOINT WARNING * * *
You thump the iguana!
You kill the iguana!
Your Fighting skill gained 2 levels and is now at level 4!
Your Staves skill gained 2 levels and is now at level 5!
You have reached level 2!
Your demonic ancestry asserts itself...
You begin to emit a foul stench of rot and decay.
You have reached level 3!
Your experience leads to an increase in your attributes!
Increase (S)trength, (I)ntelligence, or (D)exterity?
You feel agile. x2; Your demonic ancestry asserts itself...
You feel less encumbered by your armour.
The orc priest mumbles some strange prayers to Beogh against you.
Beogh smites you!
* * * LOW HITPOINT WARNING * * *
There is an open door here.
You see here an iguana corpse.
You closely miss the orc priest.
The orc priest calls down the wrath of Beogh upon you.
Beogh smites you!
You die... ▓▓▓▓▓▓▓▓▓▓▓▓▓▓▓▓▓▓ +.Whlo@....)'...<▓ ▓▓▓▓▓▓▓▓▓▓▓▓▓▓▓▓▓▓

You could see a phantom, an iguana, an orc priest and a jackal.

Vanquished Creatures
  An iguana (D)
  A goblin (D)
  A hobgoblin (D)
  2 kobolds (D)
  A ball python (D)
6 creatures vanquished.

Notes
Turn   | Place    | Note
-------+----------+-------------------------------------------
     0 | D        | theswoord the Demonspawn Gladiator began the quest for the
                  | Orb.
     0 | D        | Reached XP level 1. HP: 16/16 MP: 1/1
     6 | D        | Reached skill level 3 in Staves
    19 | D        | Noticed a phantom
    19 | D        | Noticed an iguana
    19 | D        | Noticed an orc priest
    19 | D        | Noticed an iguana
    25 | D        | Killed an iguana
    26 | D        | Reached skill level 5 in Staves
    26 | D        | Gained mutation: You may rarely emit foul miasma when
                  | damaged in melee. [demonic ancestry]
    26 | D        | Reached XP level 2. HP: 14/25 MP: 2/2
    26 | D        | Gained mutation: Your movements are slightly less
                  | encumbered by armour. (ER -2) [demonic ancestry]
    26 | D        | Reached XP level 3. HP: 18/30 MP: 3/3
    26 | D        | HP: 1/45 [orc priest/divine providence (17)]
    27 | D        | Killed from afar by an orc priest

Skill      XL: |  1 |
---------------+----+-----
Staves         | 5 |  5.3
Fighting       | 4 |  4.0
Throwing       | |  1.7
Dodging        | |  2.6

Action                     || total
---------------------------++-------
  Melee: Quarterstaff      ||    15
    Use: Potion            ||     1
 Armour: Leather armour    ||     2
  Dodge: Dodged            ||     4

Levels and vault maps discovered:
D:        linesprint [early_d, line_temple, items_1, d_10, items_2, lair_1,
          lair_end, items_3, orc_1, orc_end, items_4, d_15, swamp_1, shoals_1,
          snake_1, spider_1, d_20, vaults_1, items_5, swamp_end, shoals_end,
          snake_end, spider_end, vaults_end, d_27, items_6, zot_1, zot_end,
          crypt_end, forest_end, elf_end, slime_end, tomb_end, abyss_end,
          pan_hell_end]
